AoeStats
← nonoleboss

Arabia

509967899Analyzed
1v1 RM · 3d ago on Sep 28, 2026· 34m 22s· 2 players
Game mode
Random Map
Map size
Tiny (2 player)
Population
200
Speed
Normal
Resources
Standard
Victory
Conquest
Starting age
Dark Age
Ending age
Imperial Age
RankedLock teamsTeams togetherTeam positionsShared explorationLock speedFull tech treeHidden civsTurbo modeCheats
Victory
Defeat
🇪🇸 Persians · Spain
1369
+15
🇫🇷 Georgians · France
1339
-15
nonoleboss
6:34 Loom
9:16 Feudal Age
10:01 Double-Bit Axe
14:49 Horse Collar
19:00 Forging
19:42 Bloodlines
24:19 Castle Age
23:08 Scale Barding Armor
24:05 Scale Mail Armor
24:19 Light Cavalry
24:59 Husbandry
25:07 Squires
24:38 Pikeman
27:16 Bow Saw
34:50 Wheelbarrow
34:00 Town Watch
Matasariano9065
6:41 Loom
8:59 Feudal Age
9:26 Double-Bit Axe
11:14 Horse Collar
20:52 Castle Age
19:32 Bloodlines
20:29 Forging
20:53 Light Cavalry
21:44 Scale Barding Armor
24:25 Husbandry
28:55 Town Watch
30:21 Wheelbarrow
31:31 Hand Cart
34:37 Imperial Age
32:28 Gold Mining
32:45 Heavy Plow
34:59 Gold Shaft Mining
35:59 Chemistry
Connection lost

Rejoining the realm…

Still unreachable

The connection could not be restored.

Session expired

The server has moved on; the page needs a fresh start.